cohdb
Replays
Latest Replays
All Replays
Popular Replays
Top Player Replays
Match Explorer
How It Works
Community
CoH3 Stats
Reddit
Sign in to upload your games and track your stats! →
Sign in with Steam
Match 43359761
Unlisted
Match 43359761
Overview
Messages
Build Orders
End
Construct Weapon Support Center
Selects Special Operations Battlegroup
Selects M29 Weasel Recon Vehicle
M29 Weasel Recon Vehicle
Bazooka Squad
M1919 Machine Gun Team
M1919 Machine Gun Team
Selects Raiding Flares
Infantry Support Center
Construct Medical Station
Engineer Squad
Selects SSF Commando Squad
SSF Commando Squad
M3 Armored Personnel Carrier
SSF Commando Squad
M3 Armored Personnel Carrier
Improved M9 Bazooka Rockets
jacklean
T.noob
đź’€Punisherđź’€
tagilla
ManFrau
Revolution
0
0
Comments
sign in to comment!
No comments posted yet!